 Dungeon Crawl Stone Soup version 0.27.1-33-g824d729ab1 (webtiles) character file.

Game seed: 6166879123246478268

17 bayefendi the Skirmisher (level 2, -1/24 HPs)
             Began as a Demonspawn Abyssal Knight on Dec 6, 2021.
             Was a Follower of Lugonu.
             Slain by an adder (2 damage)
             ... on level 2 of the Dungeon.
             The game lasted 00:10:15 (770 turns).

bayefendi the Skirmisher (Demonspawn Abyssal Knight) Turns: 770, Time: 00:10:16

Health: -1/24      AC:  3    Str: 12    XL:     2   Next: 44%
Magic:  3/3        EV: 11    Int: 13    God:    Lugonu [*.....]
Gold:   49         SH:  0    Dex: 12    Spells: 1/1 levels left

rFire    . . .     SeeInvis .   a - +1 falchion
rCold    . . .     Faith    .   (no shield)
rNeg     . . .     Spirit   .   b - +0 leather armour
rPois    .         Reflect  .   (no helmet)
rElec    .         Harm     .   (no cloak)
rCorr    .         Rampage  .   (no gloves)
Will     .....                  (no boots)
Stlth    +.........             (no amulet)
HPRegen  0.08/turn              (no ring)
MPRegen  0.08/turn              (no ring)

@: no status effects
A: claws 1
a: Renounce Religion, Depart the Abyss


You were on level 2 of the Dungeon.
You worshipped Lugonu.
Lugonu was aware of your devotion.
You visited 1 branch of the dungeon, and saw 2 of its levels.
You visited the Abyss 1 time.

You collected 49 gold pieces.

Inventory:

Hand Weapons
 a - a +1 falchion (weapon)
 c - a +0 dagger
 d - a +0 dagger
 f - a +0 short sword
 g - a +0 dagger
 i - a +0 dagger
Missiles
 e - 19 sling bullets
 k - 9 arrows
Armour
 b - a +0 leather armour (worn)
 h - a +0 robe
Scrolls
 l - a scroll of enchant weapon {unknown}
Potions
 j - a potion of brilliance {unknown}


   Skills:
 + Level 3.5 Fighting
 + Level 2.0 Long Blades
 + Level 1.9 Armour
 + Level 0.8 Dodging
 + Level 2.6 Invocations


You had one spell level left.
You didn't know any spells.
Your spell library was empty.

Dungeon Overview and Level Annotations

Branches:
Dungeon (1/15)

Altars:


Innate Abilities, Weirdness & Mutations

You have sharp fingernails.


Message History

You barely miss the endoplasm.
The endoplasm is heavily wounded.
The endoplasm freezes you.
You are frozen.
You hit the endoplasm.
You kill the endoplasm!
Lugonu accepts your kill.
Your Long Blades skill increases to level 2!
You see here 9 arrows.
k - 9 arrows
l - a scroll labelled LOKHLAG GIQELIBA
There are no items here.
You start resting.
An adder is nearby!
You hit the adder but do no damage. The adder bites you but does no damage.
You closely miss the adder. The adder bites you.
You are poisoned.
The adder poisons you! The adder barely misses you.
You barely miss the adder.
You feel sick. The adder closely misses you.
You completely miss the adder.
You feel sick. The adder barely misses you. The adder bites you.
You closely miss the adder.
You feel sick.
You are no longer poisoned.
The adder bites you.
* * * LOW HITPOINT WARNING * * *
The adder bites you.
* * * LOW HITPOINT WARNING * * *
Save game and exit? [Y]es or [N]o only, please.
Save game and exit?
Okay, then.
The adder closely misses you.
A ball python comes into view.
The ball python hisses angrily.
The adder bites you.
* * * LOW HITPOINT WARNING * * *
The adder barely misses you. The ball python closely misses you.
You riposte.
You closely miss the ball python. The ball python completely misses you.
The adder bites you.
You die...

#.......# #.......###
#.........#
#.......#.#
###.#...#'###
#.####....## #.#
#.....#
########S####.....###
.......S.@......>...##
#################.#..#
..........#.#####
..........#......
.............####
.........#.†..#
#######.......###
#..........
#......#.##


You could see an adder and a ball python.

Vanquished Creatures
  2 bats
  An endoplasm (D:2)
  A giant cockroach (D:1)
  4 hobgoblins
  A ball python (D:2)
  A frilled lizard (D:2)
  3 goblins
  2 kobolds (D:1)
15 creatures vanquished.

Notes
Turn   | Place    | Note
-------+----------+-------------------------------------------
     0 | Abyss:1  | bayefendi the Demonspawn Abyssal Knight began the quest for
                  | the Orb.
     0 | Abyss:1  | Reached XP level 1. HP: 18/18 MP: 2/2
    37 | Abyss:1  | Found a corrupted altar of Lugonu.
    51 | Abyss:1  | Noticed a tentacled starspawn
    58 | D:1      | Escaped the Abyss
   424 | D:1      | Gained mutation: You have sharp fingernails. [demonic
                  | ancestry]
   424 | D:1      | Reached XP level 2. HP: 20/24 MP: 3/3
   429 | D:1      | You fall into a shaft and drop 1 floor!
   769 | D:2      | HP: 1/24 [adder (4)]
   770 | D:2      | Slain by an adder

Illustrated notes

Levels and vault maps discovered:
D:1:      dpeg_arrival_rooms_a, layout_loops_cross,
          shapermc_ecumenical_altar_mp_vishouse
D:2:      layout_basic, minmay_unequal

Skill      XL: |  1  2 |
---------------+-------+-----
Long Blades    | 2 |  2.0
Fighting       | |  3.5
Armour         | |  1.9
Dodging        | |  0.8
Invocations    | |  2.6

Action                   || total
-------------------------++-------
Melee: Falchion          ||    45
  Use: Scroll            ||     2
Armor: Leather armour    ||    19
Dodge: Dodged            ||    40
       Rpst.: Falchion   ||    10
